 Dungeon Crawl Stone Soup version 0.27.1-33-g824d729ab1 (webtiles) character file.

Game seed: 12216755708951194415

3957 zeram the Unseen (level 10, -8/61 HPs)
             Began as an Octopode Brigand on Dec 23, 2021.
             Mangled by an orc warrior (18 damage)
             ... on level 7 of the Dungeon.
             The game lasted 00:13:45 (5084 turns).

zeram the Unseen (Octopode Brigand)                 Turns: 5084, Time: 00:13:46

Health: -8/61      AC:  3    Str: 10    XL:     10   Next: 21%
Magic:  10/10      EV: 12    Int: 16    God:
Gold:   316        SH:  0    Dex: 15    Spells: 9/9 levels left

rFire    + . .     SeeInvis .   n - +2 dagger (venom)
rCold    . . .     Faith    .   (no shield)
rNeg     . . .     Spirit   .   o - +2 hat
rPois    .         Reflect  .   d - amulet of regeneration
rElec    .         Harm     .   j - ring of wizardry
rCorr    .         Rampage  .   k - ring of protection from fire
Will     .....                  (no ring)
Stlth    ++++++++..             (no ring)
HPRegen  1.20/turn              (no ring)
MPRegen  0.12/turn              (no ring)
                                (no ring)
                                (no ring)

@: very slightly contaminated, invisible
A: almost no armour, amphibious, 8 rings, camouflage 1, gelatinous body 1,
(nimble swimmer 1), tentacles
a: no special abilities


You were on level 7 of the Dungeon.
You visited 2 branches of the dungeon, and saw 8 of its levels.

You collected 316 gold pieces.

Inventory:

Hand Weapons
 a - a +2 dagger
 m - a +1 dagger of venom
 n - a +2 dagger of venom (weapon)
Missiles
 b - 21 poisoned darts (quivered)
 c - 2 curare-tipped darts
Armour
 o - a +2 hat (worn)
Jewellery
 d - an amulet of regeneration (around mantle)
 g - the ring "Feteg" {rF+ MP+9 Dex+3}
   (You took it off an orc on level 7 of the Dungeon)

   [ring of magical power]

   Dex:       It affects your dexterity (+3).
   rF:        It protects you from fire.
   MP:        It affects your magic capacity (+9).
 j - a ring of wizardry (left tentacle)
 k - a ring of protection from fire (right tentacle)
Wands
 p - a wand of flame (14)
Scrolls
 f - 2 scrolls of fear
 i - 3 scrolls of magic mapping
Potions
 e - 4 potions of attraction
 h - a potion of haste
 l - 2 potions of curing {unknown}
 q - a potion of flight {unknown}
 r - 2 potions of brilliance {unknown}
 s - a potion of magic
 u - a potion of might


   Skills:
 - Level 2.3 Fighting
 - Level 2.2 Short Blades
 - Level 2.0 Throwing
 - Level 1.0 Dodging
 + Level 19.0 Stealth


You had 9 spell levels left.
You didn't know any spells.
Your spell library contained the following spells:

 Spells                   Type           Power      Damage    Failure   Level
 Iskenderun's Battlesphe  Conj           0%         2d6       93%         5
 Iron Shot                Conj/Erth      0%         9d1       100%        6
 Spellforged Servitor     Conj/Summ      0%         N/A       100%        7


Dungeon Overview and Level Annotations

Branches:
Dungeon (7/15)             Temple (1/1) D:7

Altars:
Cheibriados
Fedhas
Hepliaklqana
Kikubaaqudgha
Makhleb
Nemelex Xobeh
Qazlal
Ru
Trog
Vehumet
Wu Jian
Xom
Yredelemnul
The Shining One


Innate Abilities, Weirdness & Mutations

You cannot wear most types of armour.
You are amphibious.
You can wear up to eight rings at the same time.
Your skin changes colour to match your surroundings (Stealth+).
Your rubbery body absorbs attacks. (AC +1, EV +1)
((You are camouflaged near water. (Stealth+)))
You have tentacles for arms and can constrict up to eight enemies at once.


Message History

The cyclops cries, "Mercy!"
You are too injured to fight recklessly!
You are too injured to fight recklessly!
You are too injured to fight recklessly!
The boulder beetle leaps!
The boulder beetle leaps!
The cyclops yells, "Help!"
The boulder beetle leaps!
An orc warrior comes into view. It is wielding a +0 dire flail.
The orc warrior shouts!
You hear a loud, deep croak!
The orc warrior moves out of view.
The cyclops throws a large rock.
The large rock closely misses you.
The orc warrior hits you with a +0 dire flail!
* * * LOW HITPOINT WARNING * * *
The orc warrior misses you.
The orc warrior hits you with a +0 dire flail!
* * * LOW HITPOINT WARNING * * *
You feel a bit more experienced.
You have reached level 10!
You feel agile.
You fade into invisibility!
The bullfrog hits you.
* * * LOW HITPOINT WARNING * * *
The orc warrior closely misses you.
You are very lightly contaminated with residual magic.
You catch the helpless bullfrog completely off-guard!
You impale the bullfrog!!
You kill the bullfrog!
The orc warrior closely misses you.
Your Stealth skill increases to level 19!
You hit the orc warrior but do no damage.
The orc warrior is poisoned.
Your grab misses the orc warrior. You squeeze the orc warrior!
The orc warrior is moderately wounded.
You hit the orc warrior.
The orc warrior looks even sicker.
You grab the orc warrior.
The orc warrior is moderately wounded.
You constrict the orc warrior, but do no damage.
The orc warrior hits you with a +0 dire flail!!
You die...

#.......# #.......##.)#[C##.
#####.###### ####...##..###).##
....#.# #..##.#.....#.#
....#.###### #..#...##.##...
....#.##...# #..#.#.#.).#.#.
....#.##...# #..'##..(⌠)..#
......##...# #..#.#.#...#.#
......##...########..#...##.##...
......##........@o...##.#.....#.#
......##..)...........##..###..##
.[.....'...............##. .#
.....###........>..#....###
.....# ##..........##.....#
.....# #..........###...## #...##
#..........###..## #.⌠.#
#...............#
#...#############.......#.#


You could see an orc warrior (very poisoned).

Vanquished Creatures
  A boulder beetle (D:7)
  A deep elf pyromancer (D:7)
  A centaur zombie (D:6)
  A wraith (Temple)
  5 yaks (D:6)
  Edmund (D:5)
  A hornet zombie (D:5)
  An ogre (D:7)
  A kobold brigand (D:6)
  2 bullfrogs
  A gnoll sergeant (D:7)
  A scorpion (D:5)
  3 water moccasin skeletons
  A wight (Temple)
  4 howler monkeys
  A bullfrog zombie (D:6)
  A jelly (D:6)
  6 hounds
  An orc priest (D:4)
  3 centaur skeletons (D:7)
  Crazy Yiuf (D:6)
  A bullfrog skeleton (D:4)
  3 iguanas
  3 orc wizards
  A hound zombie (D:5)
  A gnoll (D:7)
  4 adders
  A shadow imp (D:7)
  3 dart slugs
  18 orcs
  5 ball pythons
  6 bats
  5 endoplasms
  2 giant cockroaches (D:3)
  13 goblins
  11 hobgoblins
  4 jackals (D:5)
  12 kobolds
  2 quokkas
  4 frilled lizards
  5 rats
142 creatures vanquished.

Vanquished Creatures (others)
  An orc (D:7)
1 creature vanquished.

Grand Total: 143 creatures vanquished

Notes
Turn   | Place    | Note
-------+----------+-------------------------------------------
     0 | D:1      | zeram the Octopode Brigand began the quest for the Orb.
     0 | D:1      | Reached XP level 1. HP: 14/14 MP: 1/1
   119 | D:1      | Reached XP level 2. HP: 19/19 MP: 2/2
   382 | D:1      | Reached skill level 6 in Stealth
   475 | D:1      | Reached XP level 3. HP: 21/25 MP: 3/3
  1009 | D:2      | Found a blossoming altar of Fedhas.
  1253 | D:2      | Found a faded altar of an unknown god.
  1523 | D:3      | Reached skill level 7 in Stealth
  1524 | D:3      | Reached XP level 4. HP: 24/30 MP: 4/4
  1997 | D:4      | Identified the +0 robe "Suxor" {rElec Str+2 Int+2}
  2020 | D:4      | Reached skill level 8 in Stealth
  2020 | D:4      | Reached XP level 5. HP: 35/35 MP: 5/5
  2335 | D:4      | Reached skill level 9 in Stealth
  2342 | D:4      | Reached XP level 6. HP: 31/40 MP: 6/6
  2566 | D:5      | Entered Level 5 of the Dungeon
  2570 | D:5      | Reached skill level 10 in Stealth
  2748 | D:5      | Reached skill level 11 in Stealth
  2748 | D:5      | Reached XP level 7. HP: 20/45 MP: 7/7
  2970 | D:5      | Noticed Edmund
  2999 | D:5      | Killed Edmund
  3000 | D:5      | Reached skill level 12 in Stealth
  3492 | D:6      | Reached skill level 13 in Stealth
  3492 | D:6      | Reached XP level 8. HP: 41/51 MP: 8/8
  3587 | D:6      | Reached skill level 14 in Stealth
  3735 | D:6      | Noticed a yak
  3735 | D:6      | Noticed a yak
  3736 | D:6      | Noticed a yak
  3736 | D:6      | Noticed a yak
  3739 | D:6      | Noticed a yak
  3782 | D:6      | Killed a yak
  3809 | D:6      | Killed a yak
  3874 | D:6      | Reached skill level 15 in Stealth
  3928 | D:6      | Found a runed translucent door.
  3929 | D:6      | Noticed Crazy Yiuf
  3982 | D:6      | Killed a yak
  3983 | D:6      | Reached XP level 9. HP: 36/55 MP: 9/9
  4037 | D:6      | Reached skill level 16 in Stealth
  4074 | D:6      | Killed Crazy Yiuf
  4344 | D:7      | Found a staircase to the Ecumenical Temple.
  4351 | Temple   | Entered the Ecumenical Temple
  4470 | D:7      | Noticed a deep elf pyromancer
  4489 | D:7      | Noticed a boulder beetle
  4515 | D:7      | Reached skill level 17 in Stealth
  4588 | D:7      | Killed a deep elf pyromancer
  4616 | D:7      | Identified the ring "Feteg" {rF+ MP+9 Dex+3}
  4616 | D:7      | Identified the +9 mace "Conservator" {venom, rF++ Str+2}
  4976 | D:7      | Reached skill level 18 in Stealth
  5028 | D:7      | Noticed a cyclops
  5080 | D:7      | Killed a boulder beetle
  5081 | D:7      | Reached XP level 10. HP: 12/61 MP: 10/10
  5083 | D:7      | Reached skill level 19 in Stealth
  5084 | D:7      | Mangled by an orc warrior

Illustrated notes

Levels and vault maps discovered:
D:1:      dpeg_arrival_tiny_a, layout_basic, chequers_serial_rivers_small_b
D:2:      layout_loops_ring, basic_altar, shapermc_ecumenical_altar_venn
D:3:      layout_rooms, serial_glass, glass_columns_b, glass_columns_a,
          minmay_strange_pillars, minmay_strange_pillars, item_on_display_b,
          minmay_strange_pillars, kennysheep_path_1
D:4:      cheibrodos_greedy_goblins, layout_loops_ring, minmay_between
D:5:      layout_basic, kennysheep_generic_room_11, uniq_edmund
D:6:      layout_loops_ring, chequers_serial_rivers_micro_c, solitary_fountain,
          uniq_crazy_yiuf_cottage
D:7:      minmay_the_grid_octo_triangle [minmay_the_grid_octo_focus,
          minmay_the_grid_octo_prize_star, minmay_the_grid_octo_fat_diamond],
          layout_basic, minmay_temple_entry_junction, serial_park_tiny_pond
Temple:   nicolae_temple_god_jail

Skill      XL: |  1  2  3  4  5  6  7  8  9 10 |
---------------+-------------------------------+-----
Stealth        | 6 7 8 9 11 13 15 18 19 | 19.0
Fighting       | |  2.3
Short Blades   | |  2.2
Throwing       | |  2.0
Dodging        | |  1.0

Action                   |  1- 3 |  4- 6 |  7- 9 | 10-12 || total
-------------------------+-------+-------+-------+-------++-------
Melee: Dagger            |    59 |    89 |   285 |     3 ||   436
       Constrict         |    11 |    27 |    38 |     1 ||    77
       Tentacles         |     6 |    18 |    74 |     1 ||    99
Throw: Dart              |       |       |    10 |       ||    10
  Use: Scroll            |     4 |     6 |     9 |       ||    19
       Potion            |       |       |     5 |     1 ||     6
 Stab: Sleeping          |    21 |    10 |     9 |       ||    40
       Invisible         |       |       |     2 |     1 ||     3
Armor: Skin              |     1 |     2 |    63 |       ||    66
Dodge: Dodged            |    13 |    39 |   190 |     2 ||   244
